 Dungeon Crawl Stone Soup version 0.31.0-11-ge490571c62 (webtiles) character file.

Game seed: 1832484751277824691

17 Bravepunisher the Ducker (level 2, 0/16 HPs)
             Began as a Spriggan Monk on Jan 26, 2024.
             Slain by Ijyb
             ... wielding a +0 club
              (2 damage)
             ... on level 3 of the Dungeon.
             The game lasted 00:02:17 (593 turns).

Bravepunisher the Ducker (Spriggan Monk)             Turns: 593, Time: 00:02:18

Health: 0/16       AC:  2    Str:  7    XL:     2   Next: 44%
Magic:  3/3        EV: 19    Int: 11    God:
Gold:   0          SH:  5    Dex: 17    Spells: 1/1 levels left

rFire   + . .        a - +0 short sword
rCold   . . .        (no shield)
rNeg    . . .        b - +0 robe
rPois   .            (helmet restricted)
rElec   .            (no cloak)
rCorr   .            (gloves unavailable)
SInv    +            (boots unavailable)
Will    .....        e - amulet "Diec" {Reflect rF+ SH+5}
Stlth   ++           (no ring)
HPRegen 0.22/turn    (no ring)
MPRegen 0.08/turn

%: reflection
@: very quick
A: very small, no large weapons, unfitting armour, see invisible, speed 3
a: no special abilities


You were on level 3 of the Dungeon.
You visited 1 branch of the dungeon, and saw 4 of its levels.

Inventory:

Hand Weapons
 a - a +0 short sword (weapon)
Armour
 b - a +0 robe (worn)
Jewellery
 e - the amulet "Diec" (around neck) {Reflect rF+ SH+5}
   (You found it on level 2 of the Dungeon)

   [amulet of reflection]

   Reflect:   It reflects blocked missile attacks.
   rF+:       It protects you from fire.
   SH+5:      It affects your SH (+5).
Potions
 c - a potion of ambrosia
 d - a potion of brilliance {unknown}


   Skills:
 * Level 3.0 Fighting
 - Level 3.2 Short Blades
 + Level 4.4 Dodging


You had one spell level left.
You didn't know any spells.
Your spell library was empty.

Dungeon Overview and Level Annotations

Branches:
Dungeon (4/15)
 Temple: D:4-7

Altars:

Annotations:
D:3 Ijyb, Robin
D:4 Edmund


Innate Abilities, Weirdness & Mutations

You are very small and have problems with some larger weapons.
You are too small for most types of armour.
You have supernaturally acute eyesight. (SInv)
You cover ground extremely quickly. (Speed+++)


Message History

You hit Ijyb.
Ijyb is heavily wounded.
Ijyb hits you with a +0 club.
* * * LOW HITPOINT WARNING * * *
You barely miss Ijyb.
Ijyb is heavily wounded.
You block Ijyb's attack.
You hit Ijyb but do no damage.
Ijyb is heavily wounded.
Ijyb hits you but does no damage.
You hit Ijyb.
Ijyb is heavily wounded.
You miss Ijyb.
Ijyb is heavily wounded.
Ijyb hits you with a +0 club.
* * * LOW HITPOINT WARNING * * *
You hit Ijyb but do no damage.
Ijyb is heavily wounded.
You block Ijyb's attack.
You hit Ijyb but do no damage.
Ijyb is heavily wounded.
Ijyb completely misses you.
You hit Ijyb.
Ijyb is severely wounded.
Ijyb closely misses you.
You hit Ijyb.
Ijyb is severely wounded.
Ijyb zaps a wand.
The puff of flame misses you.
You hit Ijyb but do no damage.
Ijyb is severely wounded.
You block Ijyb's attack.
You closely miss Ijyb.
Ijyb is severely wounded.
Ijyb closely misses you.
You closely miss Ijyb.
Ijyb is severely wounded.
You hit Ijyb but do no damage.
Ijyb is severely wounded.
Ijyb hits you with a +0 club.
You die...

##.####.#.# # #.#.#
#. #.#.#
##.####.#.####
....##.#....#
#.#.##.####.#
#.#......##.#
#......#.##.#
###+###
#.#..@g.##.##.#
.....# ..
##.##.##....# #....#
#. #.##.##.####
#....#.. #.##.##.# .
#....#. #(##.####
#.+..... #.##.#
#.#....########.##.#
........J....##....#
#......#####.#######


You could see Ijyb.

Vanquished Creatures
  An adder (D:3)
  A dart slug (D:2)
  2 giant cockroaches
  A goblin (D:3)
  A bat (D:2)
6 creatures vanquished.

Notes
Turn   | Place    | Note
-------+----------+-------------------------------------------
     0 | D:1      | Bravepunisher the Spriggan Monk began the quest for the
                  | Orb.
     0 | D:1      | Reached XP level 1. HP: 11/11 MP: 2/2
    51 | D:1      | You fall into a shaft and drop 1 floor!
   186 | D:2      | Identified the amulet "Diec" {Reflect rF+ SH+5}
   339 | D:3      | Noticed Robin
   444 | D:4      | Noticed Edmund
   488 | D:4      | Noticed a scorpion
   522 | D:3      | Noticed Ijyb
   568 | D:3      | Reached XP level 2. HP: 16/16 MP: 3/3
   593 | D:3      | Slain by Ijyb

Illustrated notes

Levels and vault maps discovered:
D:1:      dpeg_arrival_three_same_balls, layout_basic, grunt_decor_one_mirror
D:2:      layout_loops_corners
D:3:      layout_basic, ebering_ecumenical_altar_abandoned, uniq_robin,
          uniq_ijyb
D:4:      layout_cave_pods, nicolae_overflow_hidden_temple, uniq_pikel,
          uniq_edmund

Skill      XL: |  1 |
---------------+----+-----
Fighting       | 3 |  3.0
Short Blades   | |  3.2
Dodging        | |  4.4

Action                     || total
---------------------------++-------
  Melee: Short sword       ||    66
   Stab: Sleeping          ||     1
 Armour: Robe              ||    19
  Dodge: Dodged            ||    46
  Block: Other             ||     5
